 Dungeon Crawl Stone Soup version 0.27.1-2-g3b301248ec (webtiles) character file.

Game seed: 263613503271195377

6301 demibob the Severer (level 10, -5/86 HPs)
             Began as a Hill Orc Fighter on Sept 27, 2021.
             Was a Priest of Beogh.
             Slain by a blink frog (11 damage)
             ... on level 1 of the Lair of Beasts.
             The game lasted 00:20:39 (6870 turns).

demibob the Severer (Hill Orc Fighter)              Turns: 6870, Time: 00:20:40

Health: -5/86      AC: 10    Str: 23    XL:     10   Next: 95%
Magic:  13/13      EV: 10    Int:  8    God:    Beogh [***...]
Gold:   366        SH:  0    Dex: 10    Spells: 9/9 levels left

rFire    . . .     SeeInvis .   a - +1 war axe (elec)
rCold    . . .     Faith    .   (no shield)
rNeg     . . .     Spirit   .   b - +1 scale mail
rPois    .         Reflect  .   (no helmet)
rElec    .         Harm     .   (no cloak)
rCorr    .         Rampage  .   (no gloves)
Will     .....                  n - +0 pair of boots
Stlth    ..........             k - amulet of regeneration
HPRegen  1.24/turn              (no ring)
MPRegen  0.13/turn              (no ring)

@: about to teleport
A: no striking features
a: Renounce Religion, Smiting


You were on level 1 of the Lair of Beasts.
You worshipped Beogh.
Beogh was most pleased with you.
You visited 2 branches of the dungeon, and saw 9 of its levels.
You also visited: Ossuary.

You collected 366 gold pieces.

Inventory:

Hand Weapons
 a - a +1 war axe of electrocution (weapon)
 m - the +9 mace of Exquisite Torment {speed, rCorr Dex+4}
   (You found it on level 8 of the Dungeon)

   Attacks with this weapon are significantly faster.
   Dex:       It affects your dexterity (+4).
   rCorr:     It protects you from acid and corrosion.
 x - a +2 hand axe of flaming
Missiles
 e - a throwing net (quivered)
Armour
 b - a +1 scale mail (worn)
 n - a +0 pair of boots (worn)
 p - a +0 helmet
Jewellery
 f - a ring of wizardry
 k - an amulet of regeneration (around neck)
 q - an amulet of guardian spirit
Wands
 r - a wand of iceblast (1)
 s - a wand of flame (5)
 z - a wand of paralysis (8)
 B - a wand of charming (5)
Scrolls
 h - 2 scrolls of enchant armour
 j - 4 scrolls of amnesia
 l - a scroll of teleportation
 o - 2 scrolls of enchant weapon
 y - 2 scrolls of fog
 C - 3 scrolls of holy word {unknown}
 D - a scroll of identify
Potions
 c - 4 potions of degeneration
 d - a potion of might
 g - 2 potions of cancellation
 i - 2 potions of flight
 t - a potion of brilliance
 u - 2 potions of resistance {unknown}
 v - a potion of invisibility {unknown}
 A - a potion of ambrosia


   Skills:
 + Level 7.5 Fighting
 + Level 16.4 Axes
 + Level 0.2 Throwing
 - Level 6.7 Armour
 - Level 1.9 Dodging
 - Level 0.1 Stealth
 + Level 4.0 Shields
 - Level 4.1 Invocations
 - Level 0.5 Evocations


You had 9 spell levels left.
You didn't know any spells.
Your spell library contained the following spells:

 Spells                   Type           Power      Damage    Failure   Level
 Animate Skeleton         Necr           0%         N/A       69%         1
 Pain                     Necr           0%         1d4       69%         1
 Sandblast                Erth           0%         2d4       69%         1
 Passwall                 Tmut/Erth      0%         N/A       83%         2
 Portal Projectile        Hex/Tloc       0%         N/A       96%         3
 Swiftness                Air            0%         N/A       96%         3
 Vampiric Draining        Necr           0%         2d6       96%         3
 Airstrike                Air            0%         N/A       100%        4
 Summon Lightning Spire   Summ/Air       0%         N/A       100%        4
 Blade Hands              Tmut           0%         N/A       100%        5
 Excruciating Wounds      Necr           0%         N/A       100%        5
 Lee's Rapid Deconstruct  Erth           0%         3d5*      100%        5
 Lightning Bolt           Conj/Air       0%         1d11      100%        5
 Invisibility             Hex            0%         N/A       100%        6


Dungeon Overview and Level Annotations

Branches:
Dungeon (8/15)             Temple (0/1) D:7            Lair (1/6) D:8
Ossuary (visited)

Altars:
Ashenzari
Cheibriados
Elyvilon
Hepliaklqana
Makhleb
Okawaru
Uskayaw
Vehumet
Wu Jian
The Shining One

Shops:
D:4 [   D:6 =

Portals:
Abyss: D:6

Annotations:
D:6 1 transporter, Icepheonix32's ghost, amateur DsSu


Message History

You barely miss the blink frog.
The blink frog is almost dead.
You closely miss the blink frog.
You feel sick. The blink frog hits you!
The blink frog hits you but does no damage.
You miss the blink frog.
The blink frog is almost dead.
You hit the blink frog.
You feel sick. The blink frog hits you. The blink frog hits you!
You are too injured to fight recklessly!
You are too injured to fight recklessly!
Unknown command.
You are too injured to fight recklessly!
You barely miss the blink frog.
The blink frog is almost dead.
You hit the blink frog. You slash the blink frog!
You feel sick. The blink frog hits you.
The blink frog blinks!
The blink frog hits you but does no damage.
The blink frog blinks!
Unknown command.
You closely miss the blink frog.
The blink frog is almost dead.
You feel sick.
The blink frog hits you but does no damage.
The blink frog blinks!
You barely miss the blink frog.
The blink frog is almost dead.
You feel sick. The blink frog hits you!
The blink frog blinks! x2
You closely miss the blink frog.
The blink frog is almost dead.
The blink frog hits you!
* * * LOW HITPOINT WARNING * * *
The blink frog blinks!
The blink frog closely misses you.
As you read the scroll of teleportation, it crumbles to dust.
You feel strangely unstable.
You feel sick. The blink frog hits you!
* * * LOW HITPOINT WARNING * * *
The blink frog hits you but does no damage.
You feel better. The blink frog hits you!
* * * LOW HITPOINT WARNING * * *
The blink frog blinks!
The blink frog hits you!
You die...

. #..#..#.........# ≈≈
#. #....#.....8...+ ≈≈♣♣
♣.##(P#............
P≈≈≈♣♣♣...##.....#.#...#
≈≈≈≈≈≈♣♣..##...##.....##
≈≈≈≈≈≈≈≈≈..#....#....##
≈≈≈≈≈≈≈≈P≈...#.#.....#.
≈≈≈≈≈PF≈≈≈.............#
..F...§@.F...#...#...#..
≈≈≈≈≈≈≈≈§≈...#.P.#...#.#
≈≈≈≈≈≈≈≈≈≈♣..#.#.#...#.#
♣♣≈≈≈≈≈≈≈≈≈.............
♣♣♣≈≈≈P≈≈♣≈............
♣PP≈≈≈≈♣#.......#.#..
♣≈≈≈≈≈≈♣#.#.....P...#
#.P♣♣≈≈≈♣##.#.......#.#
.#..♣≈♣.##.#.......#..


You could see 3 blink frogs.

Vanquished Creatures
  A hydra (Lair:1)
  Pikel (D:8)
  2 cane toads (Lair:1)
  12 yaks
  2 steam dragons
  Menkaure (Ossuary)
  2 water moccasins (Lair:1)
  Duvessa (D:6)
  2 ice beasts
  A black bear (D:7)
  An ogre (D:5)
  A centaur (D:7)
  2 kobold brigands
  A lemure (D:8)
  4 bullfrogs
  A gnoll sergeant (D:8)
  A wyvern zombie (D:8)
  2 scorpions (D:6)
  Dowan (D:6)
  2 killer bees (D:6)
  4 wights
  3 howler monkeys
  A centaur zombie (D:7)
  A bullfrog zombie (D:6)
  A jelly (D:6)
  A gnoll shaman (D:6)
  2 hounds (D:5)
  2 orc priests (D:7)
  A bullfrog skeleton (D:5)
  A centaur skeleton (D:6)
  A scorpion zombie (D:5)
  2 iguanas
  An orc wizard (D:7)
  A howler monkey zombie (D:7)
  3 mummies (Ossuary)
  10 gnolls
  A howler monkey skeleton (D:7)
  3 adders
  2 white imps
  2 ufetubi (D:6)
  An adder skeleton (D:4)
  A dart slug (D:1)
  10 orcs
  8 endoplasms
  4 giant cockroaches
  6 goblins
  10 hobgoblins
  2 jackals (D:1)
  6 kobolds
  8 quokkas
  3 ball pythons (D:1)
  9 bats
  A frilled lizard (D:1)
  4 gnoll skeletons (Ossuary)
  4 gnoll zombies (Ossuary)
  3 goblin skeletons (Ossuary)
  2 goblin zombies (Ossuary)
  2 hobgoblin skeletons (Ossuary)
  6 hobgoblin zombies (Ossuary)
  3 kobold zombies (Ossuary)
  6 orc skeletons (Ossuary)
  4 orc zombies (Ossuary)
  A quokka skeleton (D:4)
  6 rats
  10 rat skeletons (Ossuary)
  6 rat zombies (Ossuary)
210 creatures vanquished.

Vanquished Creatures (others)
  3 fungi (Lair:1)
  24 plants
27 creatures vanquished.

Grand Total: 237 creatures vanquished

Notes
Turn   | Place    | Note
-------+----------+-------------------------------------------
     0 | D:1      | demibob the Hill Orc Fighter began the quest for the Orb.
     0 | D:1      | Reached XP level 1. HP: 19/19 MP: 1/1
    79 | D:1      | Reached skill level 3 in Axes
    79 | D:1      | Reached XP level 2. HP: 25/26 MP: 2/2
   111 | D:1      | Found a faded altar of an unknown god.
   598 | D:1      | Reached XP level 3. HP: 31/31 MP: 3/3
  1016 | D:2      | Reached skill level 4 in Axes
  1256 | D:2      | Reached skill level 1 in Dodging
  1258 | D:2      | Reached XP level 4. HP: 38/39 MP: 4/4
  2065 | D:3      | Reached skill level 5 in Axes
  2139 | D:3      | Reached XP level 5. HP: 45/45 MP: 5/5
  2155 | D:3      | Found a radiant altar of Vehumet.
  2391 | D:4      | Found a hide-covered altar of Uskayaw.
  2560 | D:4      | Noticed a kobold brigand
  2577 | D:4      | Killed a kobold brigand
  2578 | D:4      | Reached skill level 6 in Axes
  2673 | D:4      | Found a snail-covered altar of Cheibriados.
  2782 | D:4      | Reached XP level 6. HP: 51/51 MP: 6/6
  2825 | D:4      | Found Puwi Jeis's Antique Armour Emporium.
  3042 | D:5      | Entered Level 5 of the Dungeon
  3142 | D:5      | Reached skill level 7 in Axes
  3253 | D:5      | Reached skill level 8 in Axes
  3329 | D:5      | Noticed an ice beast
  3336 | D:5      | Reached XP level 7. HP: 57/57 MP: 7/7
  3411 | D:6      | Found a one-way gate to the infinite horrors of the Abyss.
  3411 | D:6      | Noticed Icepheonix32's ghost (amateur DsSu)
  3419 | D:6      | Noticed a large abomination
  3420 | D:6      | Noticed a toenail golem
  3439 | D:6      | Reached skill level 9 in Axes
  3502 | D:6      | Noticed an ancient zyme
  3512 | D:6      | Found a transporter.
  3512 | D:6      | Found a broken altar of Ashenzari.
  3517 | D:6      | Noticed a steam dragon
  3531 | D:6      | Killed a steam dragon
  3567 | D:6      | Reached skill level 10 in Axes
  3567 | D:6      | Reached XP level 8. HP: 64/64 MP: 8/8
  3745 | D:6      | Found Uhoit's Jewellery Shoppe.
  3815 | D:6      | Reached skill level 5 in Armour
  3881 | D:6      | Became a worshipper of Beogh the Brigand
  3903 | D:6      | Noticed Dowan
  3905 | D:6      | Noticed Duvessa
  3911 | D:6      | Killed Duvessa
  3911 | D:6      | Killed Dowan
  4040 | D:6      | Found an iron altar of Okawaru.
  4102 | D:6      | Reached skill level 11 in Axes
  4206 | D:6      | Found a glowing golden altar of the Shining One.
  4450 | D:7      | Found a hazy altar of Hepliaklqana.
  4592 | D:7      | Reached * piety under Beogh
  4621 | D:7      | Reached XP level 9. HP: 70/70 MP: 9/9
  4701 | D:7      | Reached skill level 12 in Axes
  4701 | D:7      | Reached skill level 1 in Invocations
  4904 | D:7      | Found a white marble altar of Elyvilon.
  4954 | D:7      | Found a staircase to the Ecumenical Temple.
  4983 | D:7      | Found a burning altar of Makhleb.
  5104 | D:5      | Found an ornate altar of the Wu Jian Council.
  5325 | D:8      | Found a staircase to the Lair.
  5353 | D:8      | HP: 1/70 [gnoll (6)]
  5380 | D:8      | Noticed Pikel
  5384 | D:8      | Killed Pikel
  5385 | D:8      | Reached skill level 13 in Axes
  5522 | D:8      | Found a sand-covered staircase.
  5532 | Ossuary  | Entered an ossuary
  5600 | Ossuary  | Reached ** piety under Beogh
  5831 | Ossuary  | Noticed Menkaure
  5837 | Ossuary  | Killed Menkaure
  5838 | Ossuary  | Reached skill level 14 in Axes
  5897 | Ossuary  | Reached *** piety under Beogh
  6036 | D:8      | Identified the +9 mace of Exquisite Torment {speed, rCorr
                  | Dex+4}
  6082 | D:8      | Reached XP level 10. HP: 79/80 MP: 13/13
  6093 | D:8      | Reached skill level 5 in Fighting
  6475 | Lair:1   | Entered Level 1 of the Lair of Beasts
  6685 | Lair:1   | Noticed a cane toad
  6697 | Lair:1   | Killed a cane toad
  6698 | Lair:1   | Reached skill level 15 in Axes
  6752 | Lair:1   | Noticed a cane toad
  6760 | Lair:1   | Killed a cane toad
  6766 | Lair:1   | Noticed a four-headed hydra
  6778 | Lair:1   | Killed a one-headed hydra
  6816 | Lair:1   | Reached skill level 16 in Axes
  6870 | Lair:1   | Slain by a blink frog

Illustrated notes

Levels and vault maps discovered:
D:1:      psy_arrival_fountain, layout_loops_cross,
          dreamdust_ecumenical_altar_statues
D:2:      layout_basic, minmay_vboxes
D:3:      layout_rooms, vehumet_crystals, serial_bayou_pond_e,
          chequers_serial_rivers_room_b
D:4:      layout_basic, eat_drink_and_be_merry_uskayaw, kennysheep_mini,
          serial_shops, kennysheep_little_box, kennysheep_another_room
D:5:      wad_lake_hut, layout_cave_pools, nzn_wu_jian_contemplation,
          serial_shops, shop, minmay_holes, chequers_arboretum,
          minmay_misc_feat_diagonals
D:6:      layout_loops_ring, mainiacjoe_overflow_catwalk, marbit_many_paths,
          okawaru_altar_gauntlet_db, gammafunk_ghost_abyssal_escape,
          serial_shops, shop, kennysheep_generic_room_6, uniq_duvessa
D:7:      layout_basic, mainiacjoe_overflow_surrounded_room,
          nicolae_hepliaklqana_hazy_memory, mainiacjoe_overflow_alcove_2,
          minmay_temple_entry_proselytizer
D:8:      layout_loops_ring, lair_entry_dummy, enter_ossuary_3, uniq_pikel
Lair:1:   layout_long_grid, gauntlet_entry_generic,
          chequers_serial_rivers_small_a, serial_bayou_lagoon_b,
          grunt_megastairs_1, serial_bayou_shore_a

Skill      XL: |  1  2  3  4  5  6  7  8  9 10 |
---------------+-------------------------------+-----
Axes           | 3 4 5 6 8 10 11 14 16 | 16.4
Shields        | 4 |  4.0
Dodging        | 1 |  1.9
Armour         | 4 6 |  6.7
Invocations    | 4 |  4.1
Fighting       | 4 7 |  7.5
Throwing       | |  0.2
Stealth        | |  0.1
Evocations     | |  0.5

Action                   |  1- 3 |  4- 6 |  7- 9 | 10-12 || total
-------------------------+-------+-------+-------+-------++-------
Melee: War axe           |    94 |   145 |   308 |    77 ||   624
       Hand axe          |       |       |       |     5 ||     5
Throw: Throwing net      |       |     1 |       |       ||     1
Invok: Convert to Beogh  |       |       |     1 |       ||     1
Evoke: Wand              |       |       |     6 |     2 ||     8
  Use: Scroll            |       |    10 |     8 |     2 ||    20
       Potion            |       |       |     4 |     4 ||     8
 Stab: Paralysed         |       |       |       |     5 ||     5
Armor: Scale mail        |    46 |    85 |   117 |    20 ||   268
Dodge: Dodged            |    52 |    97 |   138 |    27 ||   314
